[Event "*** SCC Grand Prix: Titled Tuesday Blitz"]
[Site "Chess.com"]
[Date "2020.06.09"]
[Round "3"]
[White "Pavel_Mir"]
[Black "Vaathi_Coming"]
[Result "1/2-1/2"]
[WhiteElo "2303"]
[BlackElo "2825"]
[TimeControl "180+1"]
[EndTime "9:30:11 PDT"]
[Termination "Game drawn - insufficient material"]

1. Nf3 Nf6 2. d4 g6 3. c4 Bg7 4. Nc3 O-O 5. e4 d6 6. h3 e5 7. d5 Nh5 8. g3 f5 9. Ng5 f4 10.
g4 Qxg5 11. gxh5 gxh5 12. Be2 Kh8 13. Bxh5 Nd7 14. h4 Qh6 15. Nb5 Nf6 16. Bf3 Rf7 17.
Bd2 a6 18. Nc3 Bd7 19. Qe2 Rg8 20. O-O-O Bf8 21. Rdf1 Rfg7 22. Qd1 Bg4 23. Kb1 Bxf3 24. Qxf3 Qh5 25. Qh3 Rg4 26. Be1 Nxe4 27. Nxe4 Rxh4 28. Qd3 Rxh1 29. Nf6 Rxf1 30. Nxh5 Rxe1+ 31. Kc2 Rg6 32. Kb3 Rg5 33. Nf6 Rg3 34. fxg3 Re3 35. Qxe3 fxe3 36.
Kc2 Bh6 37. Kd3 Bg5 38. Ne8 Bd8 39. c5 dxc5 40. d6 cxd6 41. Nxd6 Bf6 42. Nxb7 c4+ 43. Kxe3 e4 44. Nd6 Bxb2 45. Nxc4 Bc3 46. Kxe4 Kg7 47. Kf5 Bd4 48. a4 Ba7 49. g4 Bb8 50. Na5 Bc7 51. Nc6 Bd6 52. Nd4 Kf7 53. g5 Bc5 54. Ne6 Bd6 55. Nd8+ Ke8 56. Nb7 Be7 57. Na5 Kd7 58. Nc4 Kc6 59. Ne5+ Kc5 60. Nd7+ Kb4 61. Nb8 Bxg5 62. Nxa6+ Kxa4 63. Nc5+ Ka5 64. Kxg5 Kb5 65.
Kh6 Kc6 66. Kxh7 1/2-1/2

[Event "*** SCC Grand Prix: Titled Tuesday Blitz"]
[Site "Chess.com"]
[Date "2020.06.09"]
[Round "3"]
[White "Baby_Shak"]
[Black "Anaj14"]
[Result "0-1"]
[WhiteElo "2564"]
[BlackElo "2290"]
[TimeControl "180+1"]
[EndTime "9:30:12 PDT"]
[Termination "Anaj14 won by checkmate"]

1. d4 d6 2. Nc3 Nf6 3. e4 g6 4.
Bf4 Bg7 5. Qd2 h5 6. O-O-O c6 7. Nf3 Bg4 8. Be2 Qa5 9. h3 Bxf3 10. Bxf3 Nbd7 11. Kb1 e5 12. dxe5 dxe5 13. Bg5 O-O-O 14. Qe3 Nc5 15. Be2 Qb4 16. a3 Qb6 17. Bc4 Ne6 18.
Bxe6+ fxe6 19. Qe2 Rd4 20. Be3 Rhd8 21. Bxd4 exd4 22.
Na2 e5 23. Rd3 c5 24. Rg3 Ne8 25. Rd1 Bh6 26. Qc4 Bf4 27. Rb3 Qc6 28. g3 Bg5 29. f3 h4 30. gxh4 Bxh4 31. Rg1 g5 32. Rb5 b6 33.
Nb4 Qd7 34. Na6 Nd6 35. Qxc5+ Kb7 36. Qd5+ Kxa6 37. Rb4 Nf7 38. Qb3 Kb7 39. a4 Rc8 40. a5 Rc6 41. axb6 Rxb6 42. Rxb6+ axb6 43. Rd1 Nd6 44. Qd5+ Qc6 45. Qxe5 Nb5 46. Qe7+ Ka6 47. Qa3+ Nxa3+ 48.
bxa3 Bf2 49. Rd3 Be3 50. Rb3 Qc4 51. a4 Qxa4 52. Kb2 Qc4 53. Ra3+ Kb7 54. Rb3 Qe2 55.
e5 Qxf3 56. Rd3 Qe4 57. e6 Qxe6 58. h4 gxh4 59. c4 dxc3+ 60. Rxc3 Bc5 61. Rb3 Qe2+ 62. Kb1 Qd1+ 63. Ka2 Qxb3+ 64. Kxb3 h3 65. Ka4 h2 66. Kb3 h1=Q 67. Kc4 Qc6 68. Kb3 Ka6 69. Kc4 Qe4+ 70. Kb3 Kb5 71. Ka2 Qc2+ 72. Ka1 Bd4# 0-1

[Event "*** SCC Grand Prix: Titled Tuesday Blitz"]
[Site "Chess.com"]
[Date "2020.06.09"]
[Round "3"]
[White "Orest_Vovk"]
[Black "Shoooting_Star"]
[Result "1/2-1/2"]
[WhiteElo "2454"]
[BlackElo "2721"]
[TimeControl "180+1"]
[EndTime "9:30:14 PDT"]
[Termination "Game drawn by stalemate"]

1. h4 d5 2. h5 Bf5 3. Nc3 d4 4.
e4 dxe3 5. dxe3 Qxd1+ 6. Kxd1 Nc6 7. Bd3 O-O-O 8. Ke2 Bxd3+ 9. cxd3 e5 10. Nf3 f6 11.
Bd2 Nb4 12. d4 Nc2 13. Rac1 exd4 14. Nxd4 Nxd4+ 15. exd4 Rxd4 16. Nb5 Rd7 17. Nxa7+ Kb8 18. Nb5 Ne7 19. Be3 Nf5 20. Ba7+ Kc8 21. g4 Nd6 22.
Nxd6+ Bxd6 23. Be3 Re8 24. Kf3 Be5 25. b3 Red8 26.
Rc4 Rd3 27. Ke2 c6 28. Rhc1 R3d5 29. Ra4 Kc7 30. Rb4 Re8 31. Kf3 Bd6 32. Re4 Ra8 33.
a4 f5 34. gxf5 Rxf5+ 35. Kg4 Raf8 36. Rd1 R5f7 37. a5 c5 38. Re6 Rd7 39. f4 Rff7 40. f5 h6 41. Rdxd6 Rxd6 42. Bf4 Rd7 43. f6 gxf6 44.
Kf5 Kc6 45. Rxd6+ Rxd6 46. Bxd6 Kxd6 47. Kxf6 Kc6 48. Kg6 Kb5 49. Kxh6 Kxa5 50. Kg7 Kb4 51. h6 Kxb3 52. h7 c4 53. h8=Q c3 54. Qg8+ Kb2 55.
Qc8 c2 56. Qxb7+ Ka2 57. Qa6+ Kb2 58. Qb5+ Ka2 59. Qa4+ Kb2 60. Qb4+ Ka2 61. Qc3 Kb1 62. Qb3+ Ka1 63. Qa3+ Kb1 64. Qd3 Kb2 65. Qd2 Kb1 66. Qb4+ Ka1 67. Qa3+ Kb1 68. Qb3+ Ka1 69. Qxc2 1/2-1/2

[Event "*** SCC Grand Prix: Titled Tuesday Blitz"]
[Site "Chess.com"]
[Date "2020.06.09"]
[Round "3"]
[White "gmmoranda"]
[Black "nihalsarin"]
[Result "1-0"]
[WhiteElo "2761"]
[BlackElo "2998"]
[TimeControl "180+1"]
[EndTime "9:30:15 PDT"]
[Termination "gmmoranda won by resignation"]

1. d4 Nf6 2. c4 e6 3. Nf3 d5 4.
Nc3 Be7 5. Bf4 O-O 6. e3 Nbd7 7. a3 c5 8. cxd5 Nxd5 9. Nxd5 exd5 10. dxc5 Nxc5 11. Be5 Bg4 12. Be2 Ne6 13. O-O Bf6 14. Bxf6 Qxf6 15. Qb3 b6 16. h3 Bxf3 17. Bxf3 Rad8 18.
Bxd5 Nc5 19. Qa2 Rd6 20. Rad1 Rfd8 21. Rd4 Qe7 22. Rfd1 Kf8 23. Qc4 Nd7 24. Bf3 Nc5 25.
b4 Ne6 26. Rxd6 Rxd6 27. Rc1 g6 28. Qc3 Kg8 29. Bg4 Ng5 30. Qb2 h5 31. Be2 Ne4 32. Rc8+ Rd8 33. Qc2 Rxc8 34. Qxc8+ Kg7 35. Bd3 Nd6 36. Qc6 Ne8 37. g3 Nf6 38. Kg2 Qe5 39. a4 Qd5+ 40. Qxd5 Nxd5 41. b5 Nc3 42. Bc2 f5 43.
Kf1 Kf6 44. Ke1 g5 45. f4 gxf4 46. gxf4 h4 47. Kd2 Nd5 48. Bb3 Ne7 49. Kd3 Nc8 50. Kd4 Nd6 51. Kd5 Ne4 52. Kc6 Nf2 53. Kb7 Nxh3 54.
Bd1 Ng1 55. Bb3 Ne2 56. Bd5 Nc3 57. Bg2 Nxa4 58. Kxa7 Ke6 59. Kb7 Kd6 60. Bh3 Nc3 61. Kxb6 Nd5+ 62. Ka7 Nxe3 63. b6 Nc4 64. b7 Na5 65.
b8=Q+ 1-0

[Event "*** SCC Grand Prix: Titled Tuesday Blitz"]
[Site "Chess.com"]
[Date "2020.06.09"]
[Round "3"]
[White "KNVB"]
[Black "dey2580"]
[Result "1-0"]
[WhiteElo "2701"]
[BlackElo "2439"]
[TimeControl "180+1"]
[EndTime "9:30:15 PDT"]
[Termination "KNVB won by checkmate"]

1. d4 Nf6 2. c4 e6 3. Nc3 Bb4 4. a3 Bxc3+ 5. bxc3 d6 6. f3 Nbd7 7. e4 e5 8. Bd3 O-O 9. Ne2 b6 10. O-O a5 11. g4 Qe7 12. Ng3 g6 13. Kg2 Bb7 14. h4 Rfe8 15. d5 Nc5 16. Be2 Nfd7 17.
h5 c6 18. Rh1 Nf8 19. hxg6 fxg6 20. Rb1 Qc7 21. Bg5 Ba6 22. Qd2 Rac8 23. Rbg1 Qf7 24. Qe3 cxd5 25. cxd5 Bxe2 26. Nxe2 Na4 27. Rb1 Rc4 28.
Qd3 Rec8 29. Bd2 Nd7 30. Qe3 Nac5 31. Rh2 Na4 32. Rbh1 Nf8 33. Qd3 R8c7 34. Qb1 R4c5 35. Qb3 b5 36. Be3 Rxc3 37. Nxc3 Rxc3 38. Qxb5 Rxe3 39. Rf1 Nc3 40. Qb6 Re2+ 41. Rf2 Rxf2+ 42. Qxf2 Qf4 43. Rh1 Nb5 44. Re1 Nd4 45. Qe3 Qf6 46. Rb1 h5 47. g5 Qf7 48. f4 Qd7 49. Qh3 Qc7 50. Qd3 Qc8 51. fxe5 dxe5 52. Kf2 Qg4 53. Rg1 Qf4+ 54. Kg2 Qxg5+ 55. Kh2 Qf4+ 56. Kh3 g5 57.
Qg3 g4+ 58. Kg2 Qd2+ 59. Kh1 Ng6 60. d6 Nf3 61. Rf1 Qxd6 62. Qf2 Qf6 63. Qg3 Kg7 64. Rd1 Qf4 65. Qf2 g3 66. Qg2 h4 67. Rd7+ Kh6 68.
Rd1 Qe3 69. Qh3 Nf4 70. Rd6+ Kg5 71. Qf5# 1-0

[Event "*** SCC Grand Prix: Titled Tuesday Blitz"]
[Site "Chess.com"]
[Date "2020.06.09"]
[Round "3"]
[White "GiorgianBarbosa"]
[Black "GM-2023"]
[Result "1-0"]
[WhiteElo "2335"]
[BlackElo "2058"]
[TimeControl "180+1"]
[EndTime "9:30:15 PDT"]
[Termination "GiorgianBarbosa won on time"]

1. Nf3 Nf6 2. g4 Nxg4 3. Bg2 g6 4. d4 Bg7 5. c4 O-O 6. Nc3 d6 7. h4 h5 8. Bg5 Qe8 9. Qd2 e5 10. Nd5 Na6 11. O-O-O f6 12. Be3 c6 13. Nc3 Nxe3 14.
Qxe3 exd4 15. Qxd4 d5 16. cxd5 cxd5 17. Qxd5+ Be6 18.
Qxb7 Nc5 19. Qb5 Qxb5 20. Nxb5 Bxa2 21. Nc3 Bb3 22. Rd6 Rfd8 23. Rc6 Rac8 24. Rxc8 Rxc8 25. Nd4 f5 26. e3 Bxd4 27. exd4 Na4 28. Kd2 Nb6 29.
Ra1 a5 30. Ke3 a4 31. Kf4 Kg7 32. Re1 Rc7 33. Re5 Nc4 34. Rb5 Nd6 35. Rb6 Nc4 36. Kg5 Nxb2 37. Rxg6+ Kf7 38. Rh6 Rxc3 39. Rh7+ Ke6 40.
Rh6+ Kd7 41. Ra6 Bc4 42. Ra5 Kd6 43. Kxh5 Nd3 44. Kg5 Nb4 45. h5 Nd5 46. Rxa4 Ne7 47.
Ra7 Bf7 48. h6 Rc8 49. Ra6+ Kd7 50. Ra7+ Kd6 51. Kf6 Rf8 52. Kg7 Rg8+ 53. Kxf7 Rxg2 54. Rxe7 Rh2 55. Re6+ Kd7 56. Rg6 f4 57. Kg7 Ke7 58. h7 1-0

[Event "*** SCC Grand Prix: Titled Tuesday Blitz"]
[Site "Chess.com"]
[Date "2020.06.09"]
[Round "3"]
[White "MasterKroket"]
[Black "lucachess49"]
[Result "0-1"]
[WhiteElo "2413"]
[BlackElo "2271"]
[TimeControl "180+1"]
[EndTime "9:30:17 PDT"]
[Termination "lucachess49 won by resignation"]

1. d4 Nf6 2. c4 e6 3. Nf3 a6 4. Nc3 d5 5. cxd5 exd5 6. Bg5 Be6 7. e3 Nbd7 8. Bd3 Bd6 9. O-O O-O 10. h3 h6 11. Bh4 c6 12. a3 Qc7 13. Bc2 Rae8 14. b4 Nh7 15. Qd3 f5 16. Ne5 Nxe5 17. dxe5 Bxe5 18. f4 Bf6 19. Bf2 g6 20. Rac1 Bg7 21. Bb3 Qe7 22. Na4 Nf6 23. Nc5 Ne4 24. Nxe6 Qxe6 25.
Be1 Re7 26. a4 Rfe8 27. Kh2 Nd6 28. Bd2 Qe4 29. Qe2 Kh7 30. Qf2 Qe6 31. Qf3 Qe4 32. Qf2 h5 33. Bc2 Qe6 34. Qf3 Nc4 35. Be1 Nxe3 36. Bh4 Nxf1+ 37. Rxf1 Bf6 38. Bf2 Qe2 39.
Bc5 Qxf3 40. Rxf3 Re2 41. Bd3 Rd2 42. b5 axb5 43. axb5 cxb5 44. Bxb5 Re1 45. Bb4 Rdd1 46. Bxe1 Rxe1 47. Rd3 d4 48. Bc4 Rc1 49. Bd5 b5 50. Rb3 Rc5 51. Bf3 Kg7 52. Be2 Kf8 53. Bxb5 Ke7 54.
Kg3 Rc3+ 55. Rxc3 dxc3 56. Bd3 Kd6 57. Kf3 h4 58. Ke2 Kc5 59. Bc2 Kd4 60. Bb1 Be7 61. Bc2 Bd6 62. Kf3 Kc4 63. Ke3 Kb4 64. Kd3 Bxf4 65. Bd1 Be5 66. Kc2 Kc4 67. Bf3 Kd4 68. Bc6 g5 69. Bd7 Ke4 70. Be6 Kf4 71.
Bd7 g4 72. hxg4 fxg4 73. Bc6 h3 74. gxh3 gxh3 75. Bb7 Kg3 76. Ba8 Kh2 77. Bb7 Kg1 78.
Ba8 h2 0-1

[Event "*** SCC Grand Prix: Titled Tuesday Blitz"]
[Site "Chess.com"]
[Date "2020.06.09"]
[Round "3"]
[White "djano"]
[Black "olksuna"]
[Result "0-1"]
[WhiteElo "2409"]
[BlackElo "2614"]
[TimeControl "180+1"]
[EndTime "9:30:18 PDT"]
[Termination "olksuna won by checkmate"]

1. d4 Nf6 2. Nf3 g6 3. c3 Bg7 4.
Bf4 O-O 5. Nbd2 d6 6. h3 b6 7.
e3 Bb7 8. Bh2 Nbd7 9. a4 a6 10.
a5 b5 11. Be2 e6 12. O-O Qe7 13. c4 bxc4 14. Nxc4 Ne4 15. Nfd2 Nxd2 16. Nxd2 e5 17. Bf3 e4 18. Be2 Nf6 19. Qb3 Rab8 20. Rfc1 Nd5 21. Bc4 Ba8 22. Qa3 Nb4 23. Bf1 f5 24. Rc4 Nd5 25.
Rac1 Kh8 26. R4c2 Bb7 27. Bc4 Nf6 28. Bf1 Ne8 29. Bg3 g5 30. f4 exf3 31. Nxf3 h6 32. Kh1 Be4 33. Bd3 Bxd3 34. Qxd3 Rb5 35. Qa3 Qe4 36.
Nd2 Qb7 37. b3 f4 38. exf4 gxf4 39. Bh4 Bxd4 40. Nf3 Be3 41. Rb1 Rg8 42. Qb2+ Rg7 43. Rc4 Qd5 44. Qc2 Qg8 45. Rd1 Rg6 46. Nd4 Rh5 47. Nf3 Nf6 48. Qb2 Qf7 49. Bxf6+ Rxf6 50. Rxc7 Qxc7 51. Qxf6+ Qg7 52. Qxg7+ Kxg7 53. Rxd6 Rxa5 54.
g4 Ra1+ 55. Kg2 Ra2+ 56. Kh1 Rf2 57. Nh4 Rf1+ 58. Kg2 Rf2+ 59. Kh1 Rb2 60. Nf5+ Kf8 61. Re6 Rxb3 62. Nxh6 f3 63. Nf5 Bf4 64. Rf6+ Kg8 65. g5 Rb1# 0-1

[Event "*** SCC Grand Prix: Titled Tuesday Blitz"]
[Site "Chess.com"]
[Date "2020.06.09"]
[Round "3"]
[White "mfwagnerpeixoto"]
[Black "putra48"]
[Result "0-1"]
[WhiteElo "2274"]
[BlackElo "2612"]
[TimeControl "180+1"]
[EndTime "9:30:21 PDT"]
[Termination "putra48 won on time"]

1. e4 c5 2. Nf3 d6 3. d4 cxd4 4. Nxd4 Nf6 5. Nc3 a6 6. Bg5 e6 7.
f4 Be7 8. Qf3 Qc7 9. O-O-O Nbd7 10. g4 b5 11. Bxf6 Nxf6 12. g5 Nd7 13. f5 Nc5 14. f6 gxf6 15. gxf6 Bf8 16. Rg1 h5 17.
Rg7 b4 18. Nd5 Qb7 19. Bh3 Bd7 20. Kb1 exd5 21. exd5 Bxg7 22. Re1+ Kd8 23. fxg7 Rg8 24. Qxf7 Kc7 25. Ne6+ Kb6 26. Nxc5 dxc5 27. Bxd7 Rad8 28. Qe6+ Ka7 29. Bc6 Qxg7 30. Qe7+ Qxe7 31. Rxe7+ Kb8 32.
Rb7+ Kc8 33. b3 Rd6 34. Ra7 Rg2 35. Rxa6 Rxh2 36. Ra8+ Kc7 37. Ra7+ Kd8 38. Rh7 h4 39.
Kb2 Rf6 40. Bb5 Rff2 41. Bd3 Rd2 42. Kc1 h3 43. d6 Rdf2 44. Bb5 Rxc2+ 45. Kb1 Rb2+ 46.
Kc1 Rhc2+ 47. Kd1 Rd2+ 48. Kc1 Kc8 49. Rh8+ Kb7 50. d7 h2 51. d8=Q Rxd8 52. Rxd8 h1=Q+ 53. Kxb2 Qh2+ 54. Kb1 Qg1+ 55. Kb2 Qf2+ 56. Kb1 Qe1+ 57.
Kb2 Qe5+ 58. Kb1 Qe1+ 59. Kb2 Qf2+ 60. Kb1 Qf5+ 61. Kb2 Qf6+ 0-1

[Event "*** SCC Grand Prix: Titled Tuesday Blitz"]
[Site "Chess.com"]
[Date "2020.06.09"]
[Round "3"]
[White "MikaelyanArman"]
[Black "CrushingKings"]
[Result "0-1"]
[WhiteElo "2762"]
[BlackElo "2522"]
[TimeControl "180+1"]
[EndTime "9:30:23 PDT"]
[Termination "CrushingKings won on time"]

1. Nf3 g6 2. g3 Bg7 3. d4 Nf6 4. Bg2 d6 5. O-O O-O 6. Nc3 Nfd7 7. e4 c5 8. d5 Na6 9. Bf4 Nc7 10. Re1 Ne5 11.
Nxe5 dxe5 12. Be3 b6 13. Qd2 Ne8 14. Bh6 Nd6 15. Bxg7 Kxg7 16. f4 f6 17. fxe5 fxe5 18. Rf1 Rf6 19. Qg5 Nf7 20. Qe3 Ba6 21. Rxf6 exf6 22. Bf1 Bc8 23. Be2 Nd6 24. g4 g5 25.
Rf1 Bd7 26. Bf3 Qe7 27. Ne2 Bb5 28. b3 Bxe2 29. Bxe2 Rd8 30. a4 a5 31. Bd3 Nf7 32.
h3 Nh8 33. h4 gxh4 34. Rf5 h6 35. Rh5 Nf7 36. Rxh4 Ng5 37. Kf2 Rg8 38. Ke1 Qd6 39. Kd1 Rc8 40. Bc4 Rh8 41. Kc1 Qd7 42. Kb2 Rd8 43. Qe2 Qf7 44. Rh1 Qg6 45. Bd3 Kf8 46. Rf1 Ke7 47. Qe3 Nf7 48. Qh3 Rg8 49. Qf3 Nd6 50.
Rg1 Qg5 51. Rh1 Rg6 52. Rg1 Qd2 53. Rg2 Qg5 54. Qf1 h5 55. Rh2 hxg4 56. Rh7+ Rg7 57. Rh8 g3 58. Qh3 Qg4 59. Qg2 Nf7 60. Rb8 Nd6 61.
Rxb6 Qh4 62. Qf3 Qf4 63. Qg2 Qf2 64. Qh3 f5 65. Qh4+ Kf7 66. Rxd6 Qd4+ 0-1

[Event "*** SCC Grand Prix: Titled Tuesday Blitz"]
[Site "Chess.com"]
[Date "2020.06.09"]
[Round "3"]
[White "mishanick"]
[Black "anesar92"]
[Result "1-0"]
[WhiteElo "2949"]
[BlackElo "2683"]
[TimeControl "180+1"]
[EndTime "9:30:24 PDT"]
[Termination "mishanick won on time"]

1. d4 Nf6 2. c4 e6 3. Nf3 Bb4+ 4. Nbd2 O-O 5. a3 Be7 6. e4 d6 7. Be2 Nfd7 8. Qc2 e5 9. d5 a5 10. Nb1 Nc5 11. Nc3 f5 12. Be3 fxe4 13. Nd2 Nba6 14.
Ndxe4 Bf5 15. O-O Bg5 16. Bxc5 Nxc5 17. b4 Nxe4 18. Nxe4 Bxe4 19. Qxe4 Qf6 20. Bd3 g6 21. f3 Qf4 22. Rfe1 Qxe4 23. Bxe4 axb4 24. axb4 Bd2 25.
Rxa8 Rxa8 26. Rb1 Be3+ 27. Kh1 Bd4 28. c5 Ra1 29. Rxa1 Bxa1 30. c6 b6 31. h4 Bc3 32. b5 Be1 33. h5 Kg7 34. Kh2 gxh5 35. Kh3 h6 36. Bf5 Kf6 37. Bd7 Kg5 38. Be8 h4 39.
Bf7 Bg3 40. Bg8 Kf4 41. Bh7 Ke3 42. Kg4 Kf2 43. Kh3 Ke3 44. Kg4 Kf2 45. Be4 Bf4 46.
Kxh4 Kxg2 47. Kh5 Kf2 48. Kg6 Ke3 49. Kf7 h5 50. Ke8 h4 51. Bf5 Kxf3 52. Kd7 e4 53. Kxc7 e3 54. Bd3 h3 55. Kxb6 h2 56. c7 h1=Q 57.
c8=Q e2 58. Bxe2+ Kxe2 59. Qc4+ Ke3 60. Ka6 Qa1+ 61. Kb7 Qg7+ 62. Ka6 Qa1+ 63. Kb7 Qg7+ 64. Kc6 Be5 65. b6 Qe7 66. b7 Qd8 67. Qb3+ Ke4 68.
b8=Q 1-0

[Event "*** SCC Grand Prix: Titled Tuesday Blitz"]
[Site "Chess.com"]
[Date "2020.06.09"]
[Round "3"]
[White "evgchess5"]
[Black "Dr_crypt"]
[Result "1-0"]
[WhiteElo "2808"]
[BlackElo "2463"]
[TimeControl "180+1"]
[EndTime "9:30:24 PDT"]
[Termination "evgchess5 won by resignation"]

1. e4 d5 2. exd5 Qxd5 3. Nf3 Qd6 4.
d4 Bg4 5. h3 Bh5 6. Be3 Nc6 7.
c3 O-O-O 8. Nbd2 e5 9. Qa4 exd4 10. Nxd4 Nxd4 11. cxd4 Kb8 12. Bc4 Qb4 13. Qc2 Bg6 14. Qc3 Nf6 15. O-O Qxc3 16. bxc3 Nd5 17. Bxd5 Rxd5 18.
Nf3 f6 19. c4 Rd8 20. a4 c6 21. a5 a6 22. Nh4 Bf7 23. Rfc1 g6 24. Nf3 Bd6 25.
Nd2 Rhe8 26. Rab1 Rd7 27. Nb3 f5 28. Nc5 Bxc5 29. dxc5 Re4 30. Rd1 Rxd1+ 31. Rxd1 Kc8 32. Rd6 Bxc4 33. Rf6 Re8 34. h4 Be6 35. h5 gxh5 36. Rh6 Bd5 37. Rxh7 Rg8 38. g3 Rg4 39. Bf4 h4 40.
Rc7+ Kd8 41. Rxb7 hxg3 42. fxg3 Rg6 43. Kf2 Re6 44. Bd6 Ke8 45. Rb6 Re4 46. Rxa6 Ra4 47. Ra8+ Kf7 48. a6 Ra2+ 49. Ke3 Ra3+ 50. Kf4 Kf6 51.
Rf8+ Kg7 52. Rxf5 Rxa6 53. Kg5 Ra3 54. g4 Ra8 55. Re5 Rg8 56. Re7+ Kh8+ 57. Kh6 Bf7 58.
Be5+ Rg7 59. Bxg7+ Kg8 60. Bf6 1-0

[Event "*** SCC Grand Prix: Titled Tuesday Blitz"]
[Site "Chess.com"]
[Date "2020.06.09"]
[Round "3"]
[White "snap_man"]
[Black "malandragem"]
[Result "1-0"]
[WhiteElo "2309"]
[BlackElo "2452"]
[TimeControl "180+1"]
[EndTime "9:30:25 PDT"]
[Termination "snap_man won by checkmate"]

1. e4 e5 2. Nf3 Nc6 3. Bb5 Nge7 4. O-O g6 5. d4 exd4 6. Nxd4 Bg7 7. Be3 O-O 8. c3 a6 9. Be2 d5 10. Nd2 Nxd4 11.
Bxd4 Bxd4 12. cxd4 Nc6 13. exd5 Nxd4 14. Bf3 Bf5 15.
Ne4 Nxf3+ 16. Qxf3 Bxe4 17. Qxe4 Qf6 18. Qc4 Rac8 19. b4 Rfd8 20. Rfd1 Rd7 21. Rd4 Rcd8 22. Rad1 c6 23. h3 Qe5 24. d6 Rxd6 25. Rxd6 Rxd6 26. Rxd6 Qxd6 27. Qe4 Qd5 28. Qe7 Kg7 29. Qxb7 Qb5 30.
Qe7 a5 31. bxa5 Qxa5 32. a3 c5 33. Qe5+ Kf8 34. Qd6+ Ke8 35. Qc6+ Ke7 36. Qb7+ Kd8 37. Qd5+ Kc8 38. Qc6+ Kb8 39. Qe8+ Kb7 40. Qxf7+ Ka6 41. Qc4+ Kb6 42. Qe6+ Kb5 43. Qd7+ Kc4 44. Qxh7 Qxa3 45. Qxg6 Qc1+ 46. Kh2 Qf4+ 47. Kg1 Qc1+ 48. Kh2 Kb4 49.
Qg4+ Kb5 50. Qd7+ Kb4 51. Qb7+ Kc4 52. Qe4+ Kb5 53. h4 c4 54. h5 c3 55. Qf5+ Kb4 56.
Qf8+ Ka4 57. h6 c2 58. h7 Qd2 59. h8=Q c1=Q 60. Qh4+ Qb4 61. Qfxb4# 1-0

[Event "*** SCC Grand Prix: Titled Tuesday Blitz"]
[Site "Chess.com"]
[Date "2020.06.09"]
[Round "3"]
[White "viktorskliarov"]
[Black "Gareth-Bale11"]
[Result "0-1"]
[WhiteElo "2586"]
[BlackElo "2797"]
[TimeControl "180+1"]
[EndTime "9:30:28 PDT"]
[Termination "Gareth-Bale11 won by checkmate"]

1. e4 e5 2. Nc3 Nf6 3. Bc4 Bb4 4. Nge2 O-O 5. a3 Ba5 6. O-O c6 7. Ng3 d5 8. Ba2 Be6 9. b4 Bb6 10. d3 Nbd7 11. h3 Re8 12. Qf3 Bd4 13. Nge2 a5 14. exd5 Bxd5 15. Bxd5 Nxd5 16. Nxd4 Nxc3 17. Nb3 axb4 18.
axb4 Rxa1 19. Nxa1 Qb6 20. Bd2 Nd5 21. Nb3 h6 22.
Ra1 N7f6 23. c3 e4 24. dxe4 Nxe4 25. Be1 Ndf6 26. Nd4 Qd8 27. Ra7 Qb8 28. Ra5 Qd6 29.
Ra7 Qb8 30. Ra5 b6 31. Ra6 c5 32. Nf5 Qc7 33. Ra1 Qe5 34. Ng3 Ng5 35. Qf5 cxb4 36. Qxe5 Rxe5 37. cxb4 Nge4 38. Nxe4 Rxe4 39. f3 Rc4 40. Ra6 b5 41. Rb6 Rc1 42. Kf2 Rc2+ 43. Kf1 Nd5 44. Rb8+ Kh7 45. Bf2 Rc1+ 46. Ke2 Nf4+ 47.
Kd2 Rb1 48. Rxb5 Rb2+ 49. Ke1 Nd3+ 50. Kf1 Rxf2+ 51. Kg1 Rb2 52. Rb7 f6 53. b5 Nf4 54.
g4 Nxh3+ 55. Kh1 Nf4 56. b6 Kg6 57. Rb8 h5 58. gxh5+ Kxh5 59. b7 Kg5 60. Kg1 g6 61.
Kf1 f5 62. Kg1 Nh3+ 63. Kh1 Nf2+ 64. Kg1 Nd1 65. Kh1 Ne3 66. Kg1 Kf4 67. Kh1 g5 68. Kg1 Kg3 69. Rc8 Rb1+ 70. Rc1 Rxc1# 0-1

[Event "*** SCC Grand Prix: Titled Tuesday Blitz"]
[Site "Chess.com"]
[Date "2020.06.09"]
[Round "3"]
[White "kingofthenil"]
[Black "YaWaleriy"]
[Result "1-0"]
[WhiteElo "2443"]
[BlackElo "2231"]
[TimeControl "180+1"]
[EndTime "9:30:30 PDT"]
[Termination "kingofthenil won by resignation"]

1. d4 d5 2. c4 e6 3. Nc3 Be7 4. Nf3 Nf6 5. g3 O-O 6. Bg2 c6 7. O-O Nbd7 8. Qd3 b6 9. e4 Ba6 10. b3 Rc8 11. Qe3 dxc4 12. bxc4 Bxc4 13. Rd1 Qc7 14.
Bb2 Rfe8 15. Rac1 Qb8 16. h3 b5 17. Nd2 Nb6 18. a4 a6 19. a5 Nbd7 20. Nxc4 bxc4 21. Rb1 Qc7 22. Qe2 Qxa5 23. Qxc4 Nb6 24. Qe2 Na4 25.
Nxa4 Qxa4 26. Ra1 Qb5 27. Qd2 Ra8 28. Bc3 Red8 29. Qc2 c5 30. Ra5 Qc6 31. d5 exd5 32. exd5 Qd6 33. Re1 Nd7 34. Bd2 Bf6 35. Be3 Rdc8 36.
Rb1 c4 37. Rb7 Ne5 38. Rb6 Qd8 39. Raxa6 Rxa6 40. Rxa6 Nd3 41. Rc6 Nb4 42. Qxc4 Nxc6 43. dxc6 Be5 44. Bd5 Qf6 45. Kg2 h5 46. h4 Qd6 47.
Bxf7+ Kh8 48. Bd5 g6 49. Bc5 Qf6 50. Bb6 Kg7 51. Qa6 Rc7 52. Bxc7 Bxc7 53. Qc8 Qe7 54. Qa6 Qd6 55. Qd3 Qe5 56. Qe4 Qxe4+ 57. Bxe4 Kf6 58. f4 Bb6 59. Kf3 Bc7 60. Bd3 Bb6 61. Bc2 Bc7 62. Bb3 Bb6 63. Ba4 Bc7 64. Bb5 Bb6 65. Ba6 Bc7 66.
Bb7 Bb6 67. Bc8 Bc7 68. Bh3 Bb6 69. Bf1 Bc7 70. Bd3 Bb6 71. Bb1 Bc7 72. Ke4 Bb6 73.
Bc2 Bc7 74. Kd5 Kf7 75. Bd3 Kf6 76. Be4 Kf7 77. Kc5 Kf6 78. Kb5 Kf7 79. Ka6 Ke7 80. Kb7 1-0

[Event "*** SCC Grand Prix: Titled Tuesday Blitz"]
[Site "Chess.com"]
[Date "2020.06.09"]
[Round "3"]
[White "UCantHandleDenker"]
[Black "Infernal_XaM"]
[Result "1-0"]
[WhiteElo "2527"]
[BlackElo "2762"]
[TimeControl "180+1"]
[EndTime "9:30:31 PDT"]
[Termination "UCantHandleDenker won by resignation"]

1. Nf3 c5 2. g3 Nc6 3. Bg2 e5 4. d3 d5 5. O-O f6 6. c4 d4 7. e3 Bd6 8. exd4 cxd4 9. a3 a5 10.
Re1 Nge7 11. Nbd2 O-O 12. Ne4 b6 13. Nxd6 Qxd6 14. Rb1 Bb7 15. b4 axb4 16. axb4 Kh8 17. b5 Nb8 18. Bd2 Nd7 19. Bb4 Nc5 20. Nd2 Bxg2 21.
Kxg2 f5 22. Bxc5 bxc5 23. Nf3 Ng6 24. h4 Rfe8 25. h5 Nf8 26. b6 Rab8 27. b7 Qc6 28. Kg1 e4 29. Ng5 h6 30. Nh3 Rxb7 31. dxe4 fxe4 32.
Nf4 Rxb1 33. Qxb1 Nd7 34. Ng6+ Kh7 35. Qd1 Nf6 36. Qc1 Nxh5 37. Nh4 Nf6 38. Qf4 Qe6 39. Qc7 Qc8 40. Qf7 Qd7 41. Qg6+ Kh8 42. Nf5 Rf8 43. Rb1 Ng8 44. Nh4 e3 45. fxe3 dxe3 46.
Qe4 Ne7 47. Qxe7 Qxe7 48. Ng6+ Kh7 49. Nxe7 Ra8 50. Re1 Ra4 51. Rxe3 Rxc4 52. Nd5 Rd4 53. Nf4 c4 54. Rc3 g5 55. Ne2 Re4 56. Kf2 Kg6 57. Kf3 Kf5 58. g4+ Ke5 59. Ng3 Rf4+ 60. Kg2 Kd4 61. Ne2+ Kc5 62. Nxf4 gxf4 63. Kf3 Kd4 64. Rc2 Kd3 65. Rc1 c3 66. Kxf4 Kd2 67. Ra1 c2 68.
Kf5 Ke3 69. Kg6 Kf4 70. Kh5 Ke3 71. Rc1 1-0

[Event "*** SCC Grand Prix: Titled Tuesday Blitz"]
[Site "Chess.com"]
[Date "2020.06.09"]
[Round "3"]
[White "szefru"]
[Black "gm_rashid"]
[Result "0-1"]
[WhiteElo "2135"]
[BlackElo "2359"]
[TimeControl "180+1"]
[EndTime "9:30:31 PDT"]
[Termination "gm_rashid won by checkmate"]

1. b3 e5 2. Bb2 Nc6 3. e3 Nf6 4. Nf3 Bd6 5. c4 O-O 6. Nc3 e4 7. Ng1 Re8 8. d4 exd3 9. Bxd3 Ne5 10. Nge2 Nxd3+ 11. Qxd3 Be5 12. O-O-O a5 13. h3 a4 14. Nxa4 Bxb2+ 15. Kxb2 Ne4 16. Rhf1 Qe7 17. f3 Nc5 18. Nxc5 Qxc5 19. a4 Rxe3 20. Qd2 b5 21. Nd4 Qe5 22. Qxe3 Qxe3 23. Rfe1 Qf2+ 24. Re2 Qxe2+ 25. Nxe2 bxc4 26.
Nf4 cxb3 27. Kxb3 d6 28. Kb4 Rb8+ 29. Ka3 Bd7 30. Nd5 c6 31. Nb4 d5 32. Rc1 Kf8 33.
a5 Rb5 34. a6 c5 35. Nxd5 Ra5+ 36. Kb3 Be6 37. Kc4 Rxa6 38. Kxc5 Ra5+ 39. Kd6 Rxd5+ 40.
Kc6 Rd2 41. g4 Rd3 42. f4 g6 43. h4 Rf3 44. f5 gxf5 45. g5 f4 46. Kd6 Rh3 47. Ke5 Kg7 48. Kxf4 Rxh4+ 49. Ke5 Rg4 50. Rh1 Rxg5+ 51. Kf4 Rg4+ 52. Kf3 Kg6 53. Rg1 h5 54. Re1 h4 55. Rh1 Bd5+ 56. Kxg4 Bxh1 57. Kxh4 Kf5 58. Kg3 Ke4 59. Kf2 f5 60. Kg1 Ke3 61. Kxh1 Ke2 62. Kg1 f4 63. Kg2 f3+ 64. Kh3 f2 65.
Kg4 f1=Q 66. Kg3 Qf5 67. Kh2 Qg6 68. Kh1 Kf3 69. Kh2 Qg2# 0-1